Map: Catalyst LE

Players

uThermal - Winner!

  • Race: Terran Terran
  • Spawn Location: 5:00

Snute

  • Race: Zerg Zerg
  • Spawn Location: 11:00

Event: WCS Valencia 2018

VOD

Have the link to the VOD?

Description

Time

  • Played on: July 13, 2018, 8:38 a.m.
  • Length: 11:51

All games in this series

Show
View Real Time Build Order
Export as new Build Order

uThermal Terran - Winner!

Build Orders: Reaper Expand, Hellion Banshee, MMM Bio 

Get SALT Encoding   

  12  0:01  SCV  
  13  0:13  SCV  
  14  0:17  Supply Depot  
  14  0:25  SCV  
  15  0:38  SCV  
  15  0:39  Barracks  
  16  0:44  Refinery  
  16  0:50  SCV  
  17  1:02  SCV  
  18  1:15  SCV  
  19  1:27  Orbital Command, Reaper  
  20  1:40  Command Center  
  20  1:49  Supply Depot  
  20  1:52  SCV  
  21  1:58  Marine  
  22  2:05  SCV  
  23  2:08  Factory  
  23  2:14  Refinery  
  23  2:17  SCV  
  23  2:21  Barracks Reactor  
  24  2:29  SCV  
  25  2:45  SCV  
  26  2:55  Starport  
  26  2:57  SCV  
  27  3:03  Hellion x2  
  31  3:08  Barracks Tech Lab  
  31  3:13  Orbital Command, SCV  
  32  3:24  Supply Depot  
  32  3:25  SCV, Hellion x2  
  37  3:37  SCV  
  37  3:39  SCV  
  37  3:40  Raven  
  41  3:46  Hellion x2  
  45  3:49  SCV  
  45  3:50  Supply Depot  
  45  3:51  SCV  
  45  3:53  Barracks Tech Lab  
  46  4:01  SCV  
  47  4:03  SCV  
  47  4:09  Command Center  
  48  4:13  Hellion  
  48  4:15  SCV x2  
  52  4:20  Hellion  
  54  4:24  Banshee  
  57  4:32  Supply Depot  
  57  4:34  SCV  
  57  4:35  SCV  
  57  4:38  Marine  
  60  4:39  Stimpack  
  60  4:46  SCV  
  60  4:47  SCV  
  60  4:52  Barracks  
  62  4:53  Factory Reactor  
  62  4:56  Marine  
  62  4:58  SCV, Barracks  
  65  5:00  SCV  
  65  5:06  Engineering Bay  
  65  5:07  Engineering Bay  
  65  5:12  Refinery  
  65  5:13  Refinery, SCV, Marine  
  67  5:15  SCV  
  67  5:16  Starport Reactor  
  68  5:22  Supply Depot  
  68  5:25  Orbital Command  
  68  5:27  SCV  
  69  5:31  Marine  
  69  5:35  Terran Infantry Weapons Level 1, Terran Infantry Armor Level 1  
  70  5:37  SCV  
  70  5:42  Marine x2  
  73  5:46  SCV  
  73  5:49  Marine  
  75  5:53  SCV  
  75  5:54  Marine  
  75  5:56  Orbital Command  
  77  5:58  SCV, Marine  
  77  5:59  Siege Tank, Marine, Medivac  
  77  6:04  Supply Depot  
  85  6:05  SCV, Medivac  
  85  6:11  SCV, Marine x2  
  89  6:12  Marine  
  89  6:15  Supply Depot  
  92  6:22  Supply Depot  
  92  6:25  SCV x2  
  93  6:27  Armory  
  93  6:31  Marine  
  95  6:33  Supply Depot  
  95  6:37  SCV  
  95  6:38  SCV  
  95  6:39  Combat Shield, Marine x2  
  99  6:41  Marine  
  99  6:45  SCV  
  101  6:50  SCV, Marine  
  101  6:51  Marine  
  101  6:53  SCV  
  105  6:54  Medivac  
  105  6:55  Supply Depot  
  105  6:56  Marine  
  105  7:00  SCV  
  109  7:03  Marine  
  109  7:04  Marine  
  109  7:07  Marine  
  112  7:08  Marine  
  112  7:14  Marine  
  112  7:15  SCV  
  115  7:17  SCV  
  115  7:18  SCV  
  105  7:24  Siege Tank  
  105  7:27  SCV, Factory  
  105  7:28  Marine, Barracks  
  105  7:29  Barracks, SCV, Marine, Refinery  
  111  7:31  Marine  
  111  7:32  Terran Infantry Weapons Level 2  
  111  7:34  Hellion x7  
  113  7:37  Terran Infantry Armor Level 2  
  113  7:39  Refinery, SCV x2, Marine x2  
  118  7:44  SCV  
  118  7:46  Marine  
  118  7:47  Supply Depot  
  118  7:49  Marine x2  
  121  7:54  Medivac  
  121  7:57  Marine x2  
  115  8:01  SCV  
  115  8:04  Marine  
  117  8:06  Marine  
  117  8:07  Marine  
  117  8:09  Sensor Tower  
  117  8:12  Factory Tech Lab  
  119  8:14  Marine  
  119  8:15  Marine x2  
  119  8:20  Marine  
  119  8:21  Marine  
  119  8:24  Marine x2  
  119  8:25  Medivac  
  123  8:28  Siege Tank  
  123  8:32  Marine  
  123  8:33  Marine x2, Medivac  
  131  8:39  Supply Depot  
  129  8:42  Supply Depot  
  129  8:43  Marine x3  
  132  8:49  Barracks Tech Lab  
  132  8:50  Supply Depot, Barracks Tech Lab  
  132  8:51  Marine x2  
  133  8:57  Supply Depot x2  
  133  8:59  Sensor Tower  
  133  9:00  Terran Vehicle Weapons Level 1  
  133  9:01  Siege Tank, SCV, Marine x3  
  140  9:03  SCV  
  140  9:04  Siege Tank  
  140  9:08  Medivac x2  
  149  9:10  Marine, Concussive Shells  
  149  9:12  Marauder  
  149  9:13  Marauder  
  153  9:22  Supply Depot, Marine x2  
  153  9:23  Marauder  
  157  9:24  Marine  
  157  9:30  Orbital Command  
  158  9:33  Marauder  
  158  9:35  Marine  
  158  9:36  Marauder  
  166  9:40  Siege Tank, Marine x2  
  166  9:44  Marauder  
  173  9:51  Marine  
  168  9:54  Marauder  
  168  9:55  Marine  
  168  9:57  Marauder  
  168  9:58  Marine  
  174  10:01  Marine  
  174  10:03  Medivac  
  174  10:05  Marine  
  178  10:09  Marine  
  178  10:12  Marine  
  178  10:13  Unknown x4  
  178  10:14  Sensor Tower, Supply Depot  
  180  10:16  Marine  
  180  10:17  Marauder  
  180  10:19  Marine  
  181  10:25  Marauder  
  181  10:27  Marauder, Siege Tank  
  175  10:31  Marine x2  
  177  10:37  Marine  
  177  10:38  Marauder  
  180  10:46  Marauder  
  180  10:48  Marauder  
  168  11:07  Marine  
  168  11:08  Marauder, Medivac  
  163  11:14  Medivac  
  165  11:23  Marine  
  165  11:24  Marauder x2, Marine  
  171  11:27  Marine  
  171  11:29  Marauder  
  171  11:31  Marine  
Show
View Real Time Build Order
Export as new Build Order

Snute Zerg 

Build Orders: Pool First 

Get SALT Encoding   

  12  0:00  Drone  
  13  0:12  Overlord  
  13  0:17  Drone  
  14  0:30  Drone x2  
  14  0:34  Drone  
  17  0:45  Spawning Pool  
  17  0:48  Drone  
  17  1:09  Hatchery  
  17  1:11  Drone  
  17  1:14  Drone  
  17  1:17  Extractor  
  17  1:19  Drone  
  18  1:31  Queen  
  20  1:33  Zergling x2  
  20  1:39  Overlord  
  21  1:49  Drone  
  22  2:00  Drone  
  23  2:07  Queen  
  25  2:10  Drone  
  26  2:16  Metabolic Boost  
  26  2:22  Drone x2  
  28  2:31  Drone  
  28  2:35  Drone  
  29  2:46  Overlord, Drone x2  
  29  2:47  Drone, Queen  
  29  2:51  Drone  
  35  2:55  Spore Crawler  
  35  2:57  Overlord  
  34  3:02  Drone  
  34  3:04  Drone  
  37  3:13  Drone  
  37  3:15  Overlord  
  37  3:16  Queen  
  40  3:20  Drone x2  
  40  3:21  Drone  
  40  3:23  Queen  
  40  3:26  Zergling x4  
  47  3:35  Zergling x2  
  47  3:37  Drone  
  49  3:43  Drone  
  49  3:44  Hatchery, Drone  
  49  3:46  Drone  
  51  3:53  Drone x4  
  55  3:59  Drone  
  55  4:00  Drone x2  
  58  4:03  Queen  
  58  4:09  Overlord  
  59  4:19  Overlord  
  59  4:21  Overlord, Drone  
  60  4:25  Evolution Chamber  
  60  4:28  Queen, Evolution Chamber  
  60  4:31  Zergling x4  
  60  4:32  Zergling x6  
  60  4:34  Zergling x4  
  60  4:35  Zergling x2  
  67  4:43  Drone  
  67  4:44  Spore Crawler, Drone  
  68  4:45  Spore Crawler  
  67  4:52  Zerg Ground Armor Level 1  
  67  4:55  Zerg Missile Weapons Level 1, Drone x2  
  67  4:57  Drone  
  67  4:59  Drone x2  
  72  5:00  Drone  
  72  5:04  Drone  
  74  5:08  Drone x2  
  76  5:14  Drone x3  
  76  5:18  Extractor, Drone x2  
  76  5:20  Overlord  
  80  5:23  Extractor  
  80  5:24  Spore Crawler  
  80  5:25  Extractor, Roach Warren, Lair  
  76  5:31  Zergling x6  
  76  5:33  Drone x2  
  80  5:37  Extractor, Drone x3  
  80  5:38  Extractor, Drone  
  80  5:41  Drone x2  
  82  5:43  Drone  
  82  5:44  Drone x2  
  82  5:48  Drone  
  86  5:54  Drone  
  86  5:55  Drone  
  88  5:58  Drone  
  88  5:59  Overlord x2, Drone x2  
  91  6:07  Roach  
  91  6:09  Overlord  
  93  6:14  Overlord  
  93  6:17  Overlord  
  93  6:19  Hatchery, Roach x2  
  93  6:25  Glial Reconstitution  
  96  6:27  Drone  
  96  6:28  Infestation Pit, Drone x2  
  96  6:30  Roach  
  96  6:31  Roach  
  102  6:36  Roach x3  
  102  6:37  Drone  
  102  6:38  Roach  
  111  6:44  Overseer  
  111  6:49  Roach x6  
  123  6:55  Overlord x2  
  123  6:56  Overlord  
  123  7:07  Roach  
  123  7:08  Roach x3  
  127  7:20  Roach  
  127  7:21  Roach x8  
  137  7:25  Overlord  
  137  7:27  Zerg Ground Armor Level 2, Zerg Missile Weapons Level 2  
  137  7:31  Ravager  
  137  7:32  Ravager x2  
  137  7:33  Ravager  
  137  7:36  Roach x2  
  137  7:37  Roach  
  147  7:41  Roach x3  
  153  7:45  Drone x6  
  159  7:54  Roach  
  159  7:55  Roach x3  
  159  7:56  Overlord  
  167  8:01  Overlord  
  167  8:03  Overlord  
  167  8:05  Hive  
  167  8:06  Extractor  
  167  8:10  Spire  
  165  8:19  Roach  
  165  8:20  Roach x5  
  159  8:29  Spore Crawler  
  156  8:35  Drone x2  
  156  8:36  Drone x3  
  161  8:46  Roach x10  
  181  8:52  Extractor  
  180  8:56  Spore Crawler  
  180  8:58  Spore Crawler  
  180  9:01  Overlord  
  180  9:02  Hydralisk Den  
  177  9:03  Ravager  
  177  9:04  Ravager x2  
  177  9:05  Ravager x2  
  177  9:06  Roach x4  
  190  9:14  Overlord  
  190  9:15  Drone x2  
  192  9:24  Greater Spire  
  192  9:25  Infestor  
  192  9:30  Infestor  
  196  9:33  Grooved Spines  
  196  9:42  Roach x2  
  180  10:06  Spore Crawler  
  179  10:07  Spore Crawler  
  178  10:17  Corruptor x2  
  178  10:21  Queen x2  
  188  10:28  Roach x8  
  195  10:34  Ravager  
  195  10:35  Roach x2, Ravager  
  189  10:37  Roach x7  
  191  10:58  Spore Crawler  
  191  11:00  Spore Crawler  
  164  11:05  Roach  
  164  11:06  Roach x12  
  164  11:09  Roach  
  164  11:10  Roach x5  
  163  11:16  Roach x4  
  165  11:18  Roach  
  165  11:19  Roach  
  165  11:21  Ravager x3  
  165  11:23  Roach  
  169  11:28  Roach x3  
Tags
 
Add a new tag
Caveats
  • Supply blocks, unpowered buildings, or Contaminate may cause inaccurate times.
  • Supply counts are checked every 10 seconds.